 Dungeon Crawl Stone Soup version 0.26.1-11-gd32895ea62 (webtiles) character file.

Game seed: 5102813106295240003

4673 ubername the Geomancer (level 10, -3/56 HPs)
             Began as a Gargoyle Earth Elementalist on Apr 26, 2021.
             Was a Believer of Sif Muna.
             Slain by a white ugly thing (4 damage)
             ... on level 8 of the Dungeon.
             The game lasted 00:33:35 (10302 turns).

ubername the Geomancer (GrEE)                      Turns: 10302, Time: 00:33:35

Health: -3/56      AC: 11    Str: 12    XL:     10   Next: 44%
Magic:  13/20      EV: 11    Int: 18    God:    Sif Muna [**....]
Gold:   556        SH: 13    Dex: 11    Spells: 18/22 levels left

rFire    x . .     SeeInvis .   m - +0 war axe
rCold    + + .     Faith    .   C - +0 kite shield
rNeg     + . .     Spirit   .   p - +2 robe {Will+}
rPois    ∞         Reflect  +   o - +0 hat
rElec    +         Harm     .   (no cloak)
rCorr    .         Rampage  .   (no gloves)
Will     ++...                  (no boots)
Stlth    +++.......             d - amulet of reflection
HPRegen  0.18/turn              l - ring of willpower
MPRegen  0.17/turn              h - ring of ice

@: no status effects
A: beak, hooves 1, cold resistance 1, negative energy resistance 1, electricity
resistance, unbreathing, petrification resistance, miasma immunity, AC +7
a: Renounce Religion, Channel Magic


You were on level 8 of the Dungeon.
You worshipped Sif Muna.
Sif Muna was pleased with you.
You visited 2 branches of the dungeon, and saw 10 of its levels.
You also visited: Sewer.

You collected 556 gold pieces.

Inventory:

Hand Weapons
 e - a +1 hand axe
 m - a +0 war axe (weapon)
Missiles
 b - 148 stones
 c - 3 atropa-tipped darts (quivered)
 i - 47 sling bullets
Armour
 g - a +0 pair of gloves of archery
 o - a +0 hat (worn)
 p - a +2 robe of willpower (worn)
 C - a +0 kite shield (worn)
Jewellery
 d - an amulet of reflection (around neck)
 h - a ring of ice (right hand)
 l - a ring of willpower (left hand)
 q - a +4 ring of protection {unknown}
 s - an uncursed ring of see invisible
 t - a +6 ring of strength {unknown}
Wands
 x - a wand of iceblast (11)
 B - a wand of polymorph (16)
 D - a wand of enslavement (6)
Scrolls
 a - 4 scrolls of identify
 r - 2 scrolls of magic mapping
 u - a scroll of enchant weapon
 v - a scroll of remove curse
 y - a scroll of amnesia
Potions
 f - a potion of magic {unknown}
 j - 2 potions of brilliance
 k - 2 potions of attraction
 n - a potion of curing
 w - a potion of degeneration {unknown}


   Skills:
 + Level 3.1 Fighting
 - Level 5.4(6.5) Axes
 * Level 6.0(7.1) Maces & Flails
 + Level 4.3 Dodging
 * Level 5.5 Stealth
 + Level 2.9 Shields
 * Level 6.7 Spellcasting
 + Level 0.5 Conjurations
 + Level 0.7 Transmutations
 * Level 8.3 Earth Magic


You had 18 spell levels left.
You knew the following spells:

 Your Spells              Type           Power        Failure   Level
a - Sandblast             Erth           72%          1%          1
b - Stone Arrow           Conj/Erth      44%          26%         3

Your spell library contained the following spells:

 Spells                   Type           Power        Failure   Level
 Passwall                 Tmut/Erth      18%          12%         2
 Magic Dart               Conj           28%          38%         1
 Lee's Rapid Deconstruct  Erth           18%          43%         5
 Searing Ray              Conj           14%          54%         2
 Blink                    Tloc           N/A          61%         2
 Call Imp                 Summ           6%           61%         2
 Slow                     Hex            6%           61%         2
 Petrify                  Tmut/Erth      22%          63%         4
 Conjure Flame            Conj/Fire      6%           80%         3
 Dazzling Flash           Conj/Hex       12%          80%         3
 Mephitic Cloud           Conj/Pois/Air  6%           82%         3
 Fulminant Prism          Conj/Hex       3%           99%         4
 Iskenderun's Mystic Bla  Conj/Tloc      6%           99%         4


Dungeon Overview and Level Annotations

Branches:
Dungeon (9/15)             Temple (1/1) D:6           Sewer (visited)
   Lair: D:8-11         Orc: D:9-12

Altars:
Ashenzari
Cheibriados
Dithmenos
Elyvilon
Fedhas
Gozag
Hepliaklqana
Kikubaaqudgha
Makhleb
Nemelex Xobeh
Okawaru
Qazlal
Ru
Sif Muna
Trog
Uskayaw
Vehumet
Wu Jian
Xom
Yredelemnul
Zin
The Shining One

Portals:
Bailey: D:8


Innate Abilities, Weirdness & Mutations

You are resistant to torment.
Your stone body is resilient. (AC +7)
You are immune to poison.
You resist negative energy. (rN+)
You are resistant to electric shocks. (rElec)
You can survive without breathing.
You are immune to petrification.
You are immune to miasma.
You have a beak for a mouth.
You have large cloven feet.
Your flesh is cold resistant. (rC+)


Message History

Okay, then.
Unknown command.
You're wearing all the rings you can.
Remove which one? (? for menu, Esc to cancel) < or
l - a ring of willpower; > or
s - a ring of see invisible You remove your ring of see invisible.
You feel more attuned to ice.
h - a ring of ice (right hand)
The white ugly thing barely misses you.
Casting: Stone Arrow (dangerous; 26% risk of failure)
Confirm with . or Enter, or press ? or * to list all spells.
Aiming: Sandblast (safe; 1% risk of failure)
Press: ? - help, Shift-Dir - straight line, f - white ugly thing
Aim: a white ugly thing (18% to evade)
The blast of sand misses the white ugly thing.
b - 148 stones The white ugly thing kicks you.
* * * LOW HITPOINT WARNING * * *
The white ugly thing freezes you. You resist.
You die...

### ### ##.. ##.#########...
#.#..†.........
##.#########... #.# ##..
##########.# ### #..........#
#.#...@##### #.#.##u#
###.#.##.# #.....##.#
#####.....##.# #####
#.........##.. ...#
#.###.....###########.#######
#.# #.......†................
#.#####.#............#######.


You could see a white ugly thing.

Vanquished Creatures
  An unseen horror (D:6)
  Pikel (D:5)
  A hornet (D:8)
  Grinder (D:4)
  Menkaure (D:6)
  An orc warrior (D:7)
  2 necrophages
  An ice beast (D:8)
  3 phantoms
  2 ogres (D:5)
  3 sky beasts
  3 lemures (D:5)
  A centaur (D:5)
  2 big kobolds
  3 bullfrogs (D:7)
  A gnoll sergeant (D:7)
  A scorpion (D:6)
  8 killer bees
  A wight (D:8)
  2 howler monkeys
  A bullfrog zombie (D:8)
  A centaur zombie (D:7)
  A jelly (D:6)
  A centaur skeleton (D:8)
  A bullfrog skeleton (D:4)
  7 hounds
  2 iguanas (D:7)
  4 orc wizards
  8 worker ants
  A hound zombie (D:6)
  A hound skeleton (D:5)
  A howler monkey zombie (D:5)
  A howler monkey skeleton (D:4)
  9 adders
  3 gnolls (D:7)
  2 shadow imps
  A white imp (D:5)
  6 ufetubi
  2 adder skeletons
  An adder zombie (D:5)
  7 worms
  7 dart slugs
  8 leopard geckos
  22 orcs
  7 giant cockroaches
  12 goblins
  9 hobgoblins
  10 jackals
  16 kobolds
  6 quokkas
  4 ball pythons
  7 bats
  7 frilled lizards
  A giant cockroach zombie (D:5)
  A leopard gecko skeleton (D:5)
  18 rats
235 creatures vanquished.

Vanquished Creatures (others)
  A bush (D:5)
1 creature vanquished.

Grand Total: 236 creatures vanquished

Notes
Turn   | Place    | Note
-------+----------+-------------------------------------------
     0 | D:1      | ubername the Gargoyle Earth Elementalist began the quest
                  | for the Orb.
     0 | D:1      | Reached XP level 1. HP: 10/10 MP: 3/3
    77 | D:1      | Reached XP level 2. HP: 15/15 MP: 3/5
   161 | D:1      | Reached skill level 4 in Earth Magic
   408 | D:1      | Reached XP level 3. HP: 19/19 MP: 4/6
  1359 | D:2      | Reached skill level 1 in Maces & Flails
  1359 | D:2      | Reached XP level 4. HP: 24/24 MP: 5/8
  1681 | D:2      | Found a shimmering altar of Xom.
  2167 | D:2      | Reached XP level 5. HP: 28/28 MP: 7/9
  2207 | D:2      | Reached skill level 5 in Earth Magic
  3326 | D:3      | Found a stormy altar of Qazlal.
  3826 | D:4      | Reached skill level 1 in Axes
  3826 | D:4      | Reached XP level 6. HP: 28/32 MP: 11/11
  4144 | D:4      | Noticed Grinder
  4156 | D:4      | Killed Grinder
  4157 | D:4      | Reached skill level 1 in Fighting
  4157 | D:4      | Reached XP level 7. HP: 38/38 MP: 5/13
  4302 | D:4      | Gained mutation: Your flesh is cold resistant. (rC+)
                  | [potion of mutation]
  4302 | D:4      | Gained mutation: You have a beak for a mouth. [potion of
                  | mutation]
  4302 | D:4      | Gained mutation: You have large cloven feet. [potion of
                  | mutation]
  4614 | D:5      | Entered Level 5 of the Dungeon
  5282 | D:5      | Reached XP level 8. HP: 40/43 MP: 9/14
  5820 | D:5      | Reached skill level 1 in Shields
  5876 | D:5      | Reached skill level 6 in Earth Magic
  6068 | D:5      | Noticed Pikel
  6147 | D:5      | Killed Pikel
  6148 | D:5      | Reached skill level 5 in Spellcasting
  6148 | D:5      | Reached XP level 9. HP: 20/49 MP: 13/16
  6603 | D:6      | Reached skill level 5 in Maces & Flails
  6687 | D:6      | Noticed an unseen horror
  6701 | D:6      | Killed an unseen horror
  6702 | D:6      | Reached skill level 5 in Axes
  6842 | D:6      | Noticed Menkaure
  6849 | D:6      | Killed Menkaure
  6992 | D:6      | Found a glowing drain.
  7005 | Sewer    | Entered a sewer
  7110 | Sewer    | Found a white marble altar of Elyvilon.
  7298 | D:6      | Found a staircase to the Ecumenical Temple.
  7314 | Temple   | Entered the Ecumenical Temple
  7402 | Temple   | Became a worshipper of Sif Muna the Loreminder
  7409 | Temple   | Learned a level 3 spell: Stone Arrow
  7734 | D:7      | Reached skill level 7 in Earth Magic
  8723 | D:7      | Reached XP level 10. HP: 32/55 MP: 3/19
  9016 | D:7      | Reached * piety under Sif Muna
  9783 | D:8      | Reached skill level 8 in Earth Magic
  9899 | D:8      | Reached skill level 5 in Stealth
  9977 | D:8      | Noticed a purple ugly thing
 10229 | D:8      | Found a flagged portal.
 10282 | D:8      | Reached ** piety under Sif Muna
 10302 | D:8      | HP: 1/56 [white ugly thing (6)]
 10302 | D:8      | Slain by a white ugly thing

Illustrated notes

Levels and vault maps discovered:
D:1:      dpeg_arrival_morbid_curiosity, layout_loops_cross, serial_glass,
          glass_columns_a, glass_columns_c, glass_columns_a, glass_columns_c,
          glass_columns_b, glass_columns_b, minmay_heptomino_w4
D:2:      layout_basic, tgw_xom, grunt_decor_junction, minmay_misc_feat_chi
D:3:      layout_loops_corners, nicolae_qazlal_eye_of_the_storm
D:4:      layout_cave_pools, uniq_grinder
D:5:      layout_loops_ring, kb_lookout_dungeons_type, uniq_pikel
D:6:      kennysheep_big_flooded_room, layout_rooms,
          minmay_temple_entry_offerings, gup_sewer_entry_pipe,
          hangedman_abyss_or_decor_stagger, uniq_menkaure
D:7:      layout_cave_pods, serial_co_window_serial, co_window_paths_a,
          co_window_paths_b, co_window_cross_1, co_window_corner_a,
          co_window_paths_a, co_window_corner_cb, co_window_of_opportunity_b,
          co_window_corner_cb, glass_columns_b
D:8:      layout_loops_ring, enter_bailey_3
D:9:      layout_basic, basic_altar, serial_glass, glass_columns_c,
          glass_columns_b, biasface_ghost_orc_armoury
Temple:   compressed_dpeg_triangle_lava_temple

Skill      XL: |  1  2  3  4  5  6  7  8  9 10 |
---------------+-------------------------------+-----
Earth Magic    | 4 5 6 7 8 |  8.3
Maces & Flails | 1 2 3 4 5 6 |  6.0
Spellcasting   | 3 4 5 6 |  6.7
Axes           | 1 2 4 5 |  5.4
Stealth        | 3 4 5 |  5.5
Dodging        | 2 3 4 |  4.3
Fighting       | 1 2 3 |  3.1
Shields        | 1 2 |  2.9
Conjurations   | |  0.5
Transmutations | |  0.7

Action                   |  1- 3 |  4- 6 |  7- 9 | 10-12 || total
-------------------------+-------+-------+-------+-------++-------
Melee: Hand axe          |     1 |    78 |       |       ||    79
       War axe           |       |   100 |   275 |   127 ||   502
       Kick              |       |       |    53 |    24 ||    77
       Peck              |       |       |    31 |    19 ||    50
Throw: Dart              |       |       |     1 |     1 ||     2
 Cast: Sandblast         |    51 |    59 |    72 |    31 ||   213
       Stone Arrow       |       |       |    19 |    13 ||    32
  Use: Scroll            |     2 |     7 |    11 |     1 ||    21
       Potion            |       |     3 |     7 |     4 ||    14
 Stab: Sleeping          |       |     5 |     4 |       ||     9
       Distracted        |       |       |       |     2 ||     2
Armor: Robe              |     1 |    76 |    91 |    57 ||   225
Dodge: Dodged            |     3 |   180 |   198 |    57 ||   438
Block: Other             |       |     4 |    94 |     2 ||   100
       Reflection        |       |       |     1 |     1 ||     2
       Kite shield       |       |       |       |   123 ||   123
